 Dungeon Crawl Stone Soup version 0.28-a0-819-g6ef7baa362 (webtiles) character file.

Game seed: 2418417599133649166

6128 BinkBink the Thaumaturge (level 10, -4/44 HPs)
             Began as a Spriggan Conjurer on Nov 8, 2021.
             Was a Follower of Dithmenos.
             Killed from afar by an acid dragon (35 damage)
             ... with a splash of acid
             ... on level 9 of the Dungeon.
             The game lasted 00:48:58 (14567 turns).

BinkBink the Thaumaturge (Spriggan Conjurer)       Turns: 14567, Time: 00:48:59

Health: -4/44      AC:  3    Str:  3    XL:     10   Next: 59%
Magic:  14/26      EV: 22    Int: 22    God:    Dithmenos [*.....]
Gold:   370        SH:  5    Dex: 15    Spells: 29/32 levels left

rFire   + . .      SeeInvis +   w - +8 falchion "Vosifoga" {freeze, +Blink rC+}
rCold   + + .      Faith    .   (shield restricted)
rNeg    . . .      Spirit   .   i - +1 robe {rC+ rF+}
rPois   .          Reflect  +   (helmet restricted)
rElec   .          Harm     .   (no cloak)
rCorr   .          Rampage  .   (gloves unavailable)
Will    +....                   (boots unavailable)
Stlth   ++++......              n - amulet of reflection
HPRegen 0.14/turn               (no ring)
MPRegen 0.20/turn               (no ring)

@: wreathed by umbra, very quick
A: very small, no large weapons, unfitting armour, see invisible, speed 3
a: Renounce Religion, Evoke Blink


You were on level 9 of the Dungeon.
You worshipped Dithmenos.
Dithmenos was aware of your devotion.
You visited 2 branches of the dungeon, and saw 10 of its levels.

You collected 370 gold pieces.

Inventory:

Hand Weapons
 u - the +4 quarterstaff "Gattotoi" {venom, Dex+4}
   (You found it on level 6 of the Dungeon)

   It poisons the flesh of those it strikes.
   Dex:       It affects your dexterity (+4).
 w - the +8 falchion "Vosifoga" (weapon) {freeze, +Blink rC+}
   (You found it on level 8 of the Dungeon)

   It freezes those it strikes, dealing additional cold damage.
   It can also slow down cold-blooded creatures.
   rC:        It protects you from cold.
   +Blink:    It lets you blink.
Armour
 a - a +0 robe
 i - a +1 robe of resistance (worn)
 z - a +2 robe of positive energy
Jewellery
 n - an amulet of reflection (around neck)
 t - an amulet of regeneration
 C - a ring of resist corrosion
Wands
 q - a wand of acid (1)
 x - a wand of paralysis (4)
 A - a wand of iceblast (5)
 D - a wand of digging (8)
Scrolls
 d - 3 scrolls of magic mapping
 e - 4 scrolls of fear
 f - a scroll of enchant armour {unknown}
 j - 4 scrolls of noise
 k - 4 scrolls of teleportation
 m - 2 scrolls of vulnerability
 p - 2 scrolls of amnesia {unknown}
 r - 3 scrolls of immolation
 y - a scroll of identify
Potions
 b - a potion of brilliance {unknown}
 c - 2 potions of mutation {unknown}
 g - a potion of flight {unknown}
 h - 2 potions of heal wounds {unknown}
 l - 3 potions of degeneration {unknown}
 o - a potion of lignification {unknown}
 s - 3 potions of curing
 v - 2 potions of ambrosia {unknown}
 B - a potion of magic {unknown}


   Skills:
 + Level 0.6 Fighting
 * Level 9.3 Dodging
 * Level 6.2 Stealth
 - Level 0.3 Shields
 + Level 11.9 Spellcasting
 + Level 8.4 Conjurations


You had 29 spell levels left.
You knew the following spells:

 Your Spells              Type           Power      Damage    Failure   Level
a - Magic Dart            Conj           100%       1d8       1%          1
b - Searing Ray           Conj           100%       2d8       1%          2

Your spell library contained the following spells:

 Spells                   Type           Power      Damage    Failure   Level
 Dazzling Flash           Conj/Hex       62%        N/A       2%          3
 Ensorcelled Hibernation  Hex/Ice        26%        N/A       8%          2
 Passwall                 Tmut/Erth      10%        N/A       8%          2
 Fulminant Prism          Conj/Hex       15%        3d11      9%          4
 Iskenderun's Mystic Bla  Conj/Tloc      31%        2d8       9%          4
 Swiftness                Air            13%        N/A       16%         3
 Tukima's Dance           Hex            13%        N/A       16%         3
 Invisibility             Hex            6%         N/A       100%        6


Dungeon Overview and Level Annotations

Branches:
Dungeon (9/15)             Temple (1/1) D:7
   Lair: D:8-11         Orc: D:9-12

Altars:
Ashenzari
Cheibriados
Dithmenos
Elyvilon
Fedhas
Gozag
Makhleb
Nemelex Xobeh
Okawaru
Qazlal
Ru
Sif Muna
Trog
Uskayaw
Vehumet
Wu Jian
Xom
Yredelemnul
Zin

Shops:
D:3 [   D:6 *   D:7 :=

Annotations:
D:5 1 runed translucent door, Crazy Yiuf


Innate Abilities, Weirdness & Mutations

You are very small and have problems with some larger weapons.
You are too small for most types of armour.
You have supernaturally acute eyesight. (SInv)
You cover ground extremely quickly. (Speed+++)


Message History

The searing ray hits the orc!
You kill the orc!
Dithmenos accepts your kill.
An acid dragon is nearby!
The magic dart hits the acid dragon.
The acid dragon is lightly wounded.
The magic dart hits the acid dragon!
The acid dragon is moderately wounded.
The magic dart hits the acid dragon but does no damage.
The acid dragon is moderately wounded.
The magic dart hits the acid dragon.
The acid dragon is severely wounded.
The magic dart hits the acid dragon.
The acid dragon is severely wounded.
The acid dragon spits acid at you. The splash of acid hits you!
The magic dart hits the acid dragon but does no damage.
The acid dragon is severely wounded.
The acid dragon spits acid at you. The splash of acid misses you.
The magic dart hits the acid dragon.
The acid dragon is almost dead.
The magic dart hits the acid dragon but does no damage.
The acid dragon is almost dead.
The magic dart hits the acid dragon but does no damage.
The acid dragon is almost dead.
Casting: Magic Dart (safe; 1% risk of failure)
Confirm with . or Enter, or press ? or * to list all spells.
Aiming: Searing Ray (safe; 1% risk of failure)
Press: ? - help, Shift-Dir - straight line, f/p - acid dragon
Aim: an acid dragon (almost dead, catching its breath, 83% to hit)
The searing ray hits the acid dragon but does no damage.
The acid dragon is almost dead. (Press . to maintain the ray.)
The searing ray hits the acid dragon.
The acid dragon is almost dead.
The acid dragon spits acid at you. The splash of acid hits you!!
Ouch! That really hurt!
You die...

.#.)#.#.....'...
.#..#.#.##..#.. ....# .#
...#.#...#.# #....# ..
#..#.#..##'## #....#
#..#........# #....###
#..#........# #.......
##..........# #....#
#..........###...####.
#...........D..@'...'....
....##..##.#######...####.
.... ##.##.# #.....^...
... #.##.# #.######.# +##
#..#.# #.#....#
##+#[######.##.#.#
........(##.#.#
)........##.#.#
.........##'#.####


You could see an acid dragon (catching breath).

Vanquished Creatures
  A two-headed ogre (D:8)
  Pikel (D:9)
  Maurice (D:9)
  Joseph (D:8)
  Psyche (D:8)
  A kobold demonologist (D:9)
  A hornet (D:8)
  Sigmund (D:5)
  A wraith (D:6)
  Edmund (D:6)
  A steam dragon (D:8)
  Duvessa (D:5)
  2 water moccasins (D:7)
  3 orc warriors
  An ice beast (D:8)
  2 sky beasts
  2 black bears
  An ogre (D:3)
  2 centaurs
  2 lemures (D:9)
  A kobold brigand (D:8)
  3 bullfrogs
  A gnoll sergeant (D:7)
  Dowan (D:5)
  A water moccasin skeleton (D:6)
  A water moccasin zombie (D:6)
  4 killer bees (D:8)
  5 wights (D:6)
  2 howler monkeys
  A hound (D:7)
  8 orc priests
  3 centaur zombies
  A gnoll shaman (D:6)
  3 jellies
  2 iguanas
  Ijyb (D:4)
  7 orc wizards
  A howler monkey zombie (D:8)
  Robin (D:4)
  A howler monkey skeleton (D:6)
  5 gnolls (D:7)
  3 adders
  A white imp (D:6)
  An ufetubus (D:5)
  A worm (D:2)
  2 dart slugs (D:2)
  31 orcs
  5 ball pythons
  2 bats
  3 endoplasms
  A giant cockroach (D:1)
  12 goblins
  8 hobgoblins
  3 jackals (D:4)
  3 quokkas
  2 frilled lizards
  14 kobolds
  8 rats
180 creatures vanquished.

Vanquished Creatures (others)
  A kobold (D:9)
1 creature vanquished.

Grand Total: 181 creatures vanquished

Notes
Turn   | Place    | Note
-------+----------+-------------------------------------------
     0 | D:1      | BinkBink the Spriggan Conjurer began the quest for the Orb.
     0 | D:1      | Reached XP level 1. HP: 9/9 MP: 5/5
   180 | D:1      | Found a faded altar of an unknown god.
   445 | D:1      | Reached XP level 2. HP: 13/13 MP: 0/6
  1125 | D:2      | Reached skill level 3 in Spellcasting
  1616 | D:2      | Reached XP level 3. HP: 16/16 MP: 5/8
  2243 | D:3      | Noticed a sky beast
  2707 | D:3      | Reached XP level 4. HP: 21/21 MP: 6/10
  3238 | D:3      | Found a sacrificial altar of Ru.
  3238 | D:3      | Found a white marble altar of Elyvilon.
  3293 | D:3      | Noticed an ogre
  3343 | D:3      | Killed an ogre
  3344 | D:3      | Reached skill level 4 in Spellcasting
  3344 | D:3      | Reached XP level 5. HP: 24/24 MP: 3/12
  3615 | D:2      | Learned a level 2 spell: Searing Ray
  3867 | D:3      | Found Oploinia's Armour Shop.
  4019 | D:3      | Killed a sky beast
  4020 | D:3      | Reached skill level 5 in Spellcasting
  4020 | D:3      | Reached XP level 6. HP: 11/28 MP: 7/14
  4434 | D:4      | Noticed Robin
  4448 | D:4      | Killed Robin
  5147 | D:5      | Entered Level 5 of the Dungeon
  5148 | D:5      | Noticed Ijyb
  5159 | D:5      | Noticed Sigmund
  5276 | D:5      | Killed Sigmund
  5277 | D:5      | Reached skill level 6 in Spellcasting
  5501 | D:4      | Killed Ijyb
  5502 | D:4      | Reached XP level 7. HP: 17/32 MP: 11/17
  5706 | D:5      | Reached skill level 5 in Conjurations
  5883 | D:5      | Noticed Dowan
  6061 | D:5      | Noticed Duvessa
  6378 | D:5      | Found a runed translucent door.
  6379 | D:5      | Noticed Crazy Yiuf
  6834 | D:5      | Killed Duvessa
  7044 | D:5      | Killed Dowan
  7128 | D:6      | Reached skill level 7 in Spellcasting
  7357 | D:6      | Reached XP level 8. HP: 37/37 MP: 13/20
  7572 | D:6      | Found Qonoigee's Overcharged Wands.
  7685 | D:6      | Identified the +4 quarterstaff "Gattotoi" {venom, Dex+4}
  7868 | D:6      | Reached skill level 8 in Spellcasting
  7903 | D:6      | Reached skill level 5 in Dodging
  8261 | D:6      | Found a blossoming altar of Fedhas.
  8565 | D:6      | Noticed Edmund
  8693 | D:6      | Killed Edmund
  9029 | D:7      | Reached skill level 9 in Spellcasting
  9029 | D:7      | Reached XP level 9. HP: 40/40 MP: 15/23
  9105 | D:7      | Found Bysuc's Jewellery Shoppe.
  9254 | D:7      | Found Naaty's Book Shoppe.
  9844 | D:7      | Found a staircase to the Ecumenical Temple.
 10284 | Temple   | Entered the Ecumenical Temple
 10290 | Temple   | Became a worshipper of Dithmenos the Shadowed
 10388 | D:7      | Reached skill level 10 in Spellcasting
 10937 | D:8      | Noticed Joseph
 10941 | D:8      | Paralysed by Joseph for 6 turns
 11434 | D:8      | Found an opulent altar of Gozag.
 11437 | D:8      | Found a glowing silver altar of Zin.
 11441 | D:8      | Found a hide-covered altar of Uskayaw.
 12158 | D:8      | Reached skill level 5 in Stealth
 12445 | D:8      | Noticed a two-headed ogre
 12520 | D:8      | Killed a two-headed ogre
 12521 | D:8      | Reached XP level 10. HP: 44/44 MP: 13/25
 12710 | D:8      | Paralysed by Joseph for 6 turns
 13295 | D:8      | Noticed Psyche
 13304 | D:8      | Killed Psyche
 13304 | D:8      | Reached * piety under Dithmenos
 13305 | D:8      | Reached skill level 11 in Spellcasting
 13470 | D:8      | Identified the +8 falchion "Vosifoga" {freeze, +Blink rC+}
 13635 | D:8      | Killed Joseph
 14001 | D:9      | Noticed Pikel
 14010 | D:9      | Killed Pikel
 14075 | D:9      | Noticed Maurice
 14101 | D:9      | Killed Maurice
 14567 | D:9      | Killed from afar by an acid dragon

Illustrated notes

Levels and vault maps discovered:
D:1:      kennysheep_arrival_forest, layout_basic,
          chequers_ecumenical_altar_island
D:2:      layout_basic, chequers_serial_rivers_room_a,
          kennysheep_generic_room_13
D:3:      layout_rooms, gammafunk_temple_overflow_wave, serial_shops,
          nicolae_lakefront_shop, ebering_dispersal_statue_hall
D:4:      layout_loops_ring, mrwooster_statue_mirror, uniq_robin
D:5:      layout_rooms, uniq_sigmund, uniq_ijyb, uniq_crazy_yiuf_cottage,
          uniq_duvessa
D:6:      minmay_skewed_foursquare, layout_basic, mainiacjoe_overflow_paths,
          chequers_avenue, nicolae_shop_overcharged_wands, uniq_edmund
D:7:      layout_loops_corners, minmay_temple_entry_glass, serial_shops, shop,
          shop, roderic_lattice_a
D:8:      layout_loops_ring, grunt_temple_overflow_diamond,
          kennysheep_generic_room_8, uniq_joseph, uniq_psyche
D:9:      layout_basic, uniq_maurice, uniq_grum, uniq_pikel
Temple:   nicolae_temple_x_marks_the_god

Skill      XL: |  1  2  3  4  5  6  7  8  9 10 |
---------------+-------------------------------+-----
Conjurations   | 3 4 5 6 7 8 |  8.4
Spellcasting   | 3 4 5 6 7 9 10 11 | 11.9
Dodging        | 3 4 5 8 9 |  9.3
Stealth        | 4 5 6 |  6.2
Fighting       | |  0.6
Shields        | |  0.3

Action                   |  1- 3 |  4- 6 |  7- 9 | 10-12 || total
-------------------------+-------+-------+-------+-------++-------
Melee: Unarmed           |     1 |       |       |       ||     1
 Cast: Magic Dart        |   125 |   101 |   349 |    79 ||   654
       Searing Ray       |       |     8 |    45 |    16 ||    69
  Use: Scroll            |       |       |     7 |     1 ||     8
Armor: Robe              |     1 |     2 |     2 |     1 ||     6
Dodge: Dodged            |    12 |    16 |    38 |    29 ||    95
Block: Other             |       |     2 |    16 |    11 ||    29
       Reflection        |       |       |     4 |     6 ||    10

Table legend: (Time is in decaauts)
 A = Elapsed time spent in this place.
 B = Non-inter-level travel time spent in this place.
 C = Inter-level travel time spent in this place.
 D = Time resting spent in this place.
 E = Time spent auto-exploring this place.
 F = Levels seen in this place.
 G = Mean time per level.
                   A        B        C        D        E       F      G
               +--------+--------+--------+--------+--------+-----+--------+
         Total |  11565 |  10968 |    597 |      0 |   8470 |  10 | 1156.5 |
       Dungeon |  11557 |  10960 |    597 |      0 |   8470 |   9 | 1284.1 |
        Temple |      7 |      7 |      0 |      0 |      0 |   1 |    7.0 |
               +--------+--------+--------+--------+--------+-----+--------+

Top non-repeatable levels by time:
     D:7: 2065 daAuts
     D:8: 1853 daAuts
     D:2: 1523 daAuts
     D:6: 1370 daAuts
     D:5: 1325 daAuts
     D:3: 1029 daAuts
     D:4: 963 daAuts
     D:1: 921 daAuts
     D:9: 504 daAuts
  Temple: 7 daAuts
